 Dungeon Crawl Stone Soup version 0.24.0-1-gfbc8707 (webtiles) character file.

Game seed: 8903154517416694894, levelgen mode: deterministic

639 Fang the Skirmisher (level 7, -10/66 HPs)
             Began as a Gargoyle Berserker on Oct 29, 2019.
             Was an Elder of Trog.
             Mangled by an ogre
             ... wielding a +0 giant club
              (27 damage)
             ... on level 4 of the Dungeon.
             The game lasted 00:02:54 (4193 turns).

Fang the Skirmisher (Gargoyle Berserker)            Turns: 4193, Time: 00:02:54

Health: -10/66     AC:  7    Str: 27    XL:     7   Next: 50%
Magic:  7/7        EV: 13    Int:  8    God:    Trog [****..]
Gold:   165        SH:  0    Dex:  9    Spells: 6/6 levels left

rFire    + . .     SeeInvis .   a - +0 war axe
rCold    . . .     Gourm    .   (no shield)
rNeg     + . .     Faith    .   b - +0 animal skin
rPois    ∞         Spirit   .   (no helmet)
rElec    +         Reflect  .   (no cloak)
rCorr    .         Harm     .   (no gloves)
MR       .....                  (no boots)
Stlth    ..........             (no amulet)
HPRegen  0.21/turn              l - ring of protection from fire
MPRegen  0.10/turn              (no ring)

@: berserking, very quick
A: negative energy resistance 1, electricity resistance, unbreathing,
petrification resistance, rot immunity, AC +4
a: Berserk, Trog's Hand, Brothers in Arms, Renounce Religion


You were on level 4 of the Dungeon.
You worshipped Trog.
Trog was greatly pleased with you.
You were hungry.

You visited 1 branch of the dungeon, and saw 4 of its levels.

You collected 165 gold pieces.

Inventory:

Hand Weapons
 a - a +0 war axe (weapon)
Armour
 b - a +0 animal skin (worn)
Jewellery
 l - a ring of protection from fire (left hand)
Wands
 o - a wand of iceblast (8)
Scrolls
 d - a scroll of teleportation {unknown}
 e - 6 scrolls of remove curse {unknown}
 f - a scroll of fog {unknown}
 h - a scroll of blinking {unknown}
 j - 2 scrolls of amnesia {unknown}
 k - 3 scrolls of identify {unknown}
 m - a scroll of noise {unknown}
 n - a scroll of enchant weapon {unknown}
Potions
 g - a potion of flight {unknown}
 i - a potion of haste {unknown}
 p - 2 potions of agility {unknown}
Comestibles
 c - 6 rations


   Skills:
 + Level 5.4 Fighting
 + Level 4.4 Axes
 + Level 4.8 Armour
 + Level 3.5 Dodging


You had 6 spell levels left.
You didn't know any spells.
Your spell library was empty.

Dungeon Overview and Level Annotations

Branches:
Dungeon (4/15)
 Temple: D:4-7

Altars:


Innate Abilities, Weirdness & Mutations

You are resistant to torment.
Your stone body is resilient. (AC +4)
You are immune to poison.
You resist negative energy. (rN+)
You are resistant to electric shocks. (rElec)
You can survive without breathing.
You are immune to petrification.
You are immune to rotting.


Message History

You barely miss the gnoll.
The gnoll is almost dead.
You hit the ogre but do no damage. The gnoll closely misses you. x2
The ogre hits you with a +0 giant club!
* * * LOW HITPOINT WARNING * * *
You are too injured to fight recklessly!
You are too injured to fight recklessly!
You are too injured to fight recklessly!
You are too injured to fight recklessly!
You are too injured to fight recklessly!
You are too injured to fight recklessly!
You are too injured to fight recklessly!
A red film seems to cover your vision as you go berserk!
You feel yourself moving faster!
You feel mighty!
You are feeling hungry.
The gnoll barely misses you.
The gnoll hits you from afar with a +0 spear.
* * * LOW HITPOINT WARNING * * *
The ogre hits you with a +0 giant club!!
You die...

......# #####..#.
##.##.# ##............
##.##.#####).#...# ....
#..##....##......# .....
#.#..........##.# .....
#...#...........# ......
...##....#.....###g.....
..###......###.#gO......
...#.......# #..@#
...#......#.............
...#........#####......#
............# .......
....###....... .......
.... #.##..... ...(...
..# ..# ...... .......
... ...... .).....


You could see an ogre and 2 gnolls.

Vanquished Creatures
  Grinder (D:3)
  A sky beast (D:4)
  Crazy Yiuf (D:2)
  Ijyb (D:3)
  Jessica (D:3)
  2 worker ants (D:4)
  Robin (D:2)
  5 adders
  A gnoll (D:4)
  3 worms
  5 dart slugs
  4 leopard geckos
  2 orcs (D:3)
  4 ball pythons
  7 bats
  4 giant cockroaches
  16 goblins
  17 hobgoblins
  15 jackals
  2 quokkas (D:2)
  10 frilled lizards
  A jackal skeleton (D:4)
  14 kobolds
  6 rats
124 creatures vanquished.

Vanquished Creatures (others)
  A bat (D:3)
1 creature vanquished.

Grand Total: 125 creatures vanquished

Notes
Turn   | Place    | Note
-------+----------+-------------------------------------------
     0 | D:1      | Fang the Gargoyle Berserker began the quest for the Orb.
     0 | D:1      | Reached XP level 1. HP: 14/14 MP: 1/1
   269 | D:1      | Reached XP level 2. HP: 16/19 MP: 2/2
   635 | D:1      | Reached XP level 3. HP: 22/23 MP: 3/3
   813 | D:1      | Reached ** piety under Trog
  1668 | D:2      | Reached XP level 4. HP: 29/29 MP: 4/4
  2042 | D:2      | Found a runed translucent door.
  2043 | D:2      | Noticed Crazy Yiuf
  2079 | D:2      | Noticed Robin
  2091 | D:2      | Reached skill level 4 in Fighting
  2093 | D:2      | Killed Robin
  2461 | D:2      | Reached XP level 5. HP: 26/33 MP: 5/5
  2487 | D:2      | Reached *** piety under Trog
  2677 | D:2      | Killed Crazy Yiuf
  2907 | D:3      | Noticed Grinder
  2954 | D:3      | Killed Grinder
  2954 | D:3      | Reached XP level 6. HP: 40/40 MP: 6/6
  3179 | D:3      | Reached skill level 5 in Fighting
  3237 | D:3      | Noticed Jessica
  3241 | D:3      | Killed Jessica
  3288 | D:3      | Reached XP level 7. HP: 40/44 MP: 7/7
  3301 | D:3      | Noticed Ijyb
  3318 | D:3      | Killed Ijyb
  3836 | D:4      | Reached **** piety under Trog
  4193 | D:4      | Mangled by an ogre

Levels and vault maps discovered:
D:1:      minmay_arrival_four_circles, layout_basic
D:2:      layout_basic, first_ration, minmay_splitting_lines,
          minmay_joined_circles, uniq_crazy_yiuf_cottage, uniq_robin
D:3:      minmay_octagon_keep, layout_basic, uniq_grinder, uniq_ijyb,
          uniq_jessica
D:4:      layout_rooms, kennysheep_little_box,
          minmay_temple_entry_drinking_statues

Skill      XL: |  1  2  3  4  5  6 |
---------------+-------------------+-----
Dodging        | 2 3 |  3.5
Axes           | 3 4 |  4.4
Armour         | 3 4 |  4.8
Fighting       | 4 5 |  5.4

Action                   |  1- 3 |  4- 6 |  7- 9 || total
-------------------------+-------+-------+-------++-------
Melee: Hand axe          |   122 |    61 |       ||   183
       War axe           |       |   107 |    60 ||   167
Invok: Berserk           |       |     4 |     2 ||     6
       Trog's Hand       |       |     1 |       ||     1
  Eat: Chunk             |     2 |    10 |     4 ||    16
Armor: Animal skin       |    49 |    78 |    47 ||   174
Dodge: Dodged            |   102 |   111 |    71 ||   284
